 Dungeon Crawl Stone Soup version 0.19.4-9-g45fd643 (webtiles) character file.

49 vatarom the Gusty (level 3, 14/23 HPs)
             Began as a Tengu Air Elementalist on Feb 21, 2017.
             Quit the game on level 2 of the Dungeon.
             The game lasted 00:02:56 (1365 turns).

vatarom the Gusty (Tengu Air Elementalist)          Turns: 1365, Time: 00:02:57

Health: 14/23      AC:  2    Str:  8      XL:     3   Next: 75%
Magic:  7/7        EV: 12    Int: 13 (16) God:
Gold:   98         SH:  0    Dex: 12 (14) Spells: 3 memorised, 1 level left

rFire  . . .     SeeInvis .     e - +4 dagger (protect)
rCold  . . .     Gourm    .     a - +0 robe
rNeg   . . .     Faith    .     (no shield)
rPois  .         Spirit   .     (helmet restricted)
rElec  .         Reflect  .     (no cloak)
rCorr  .         Harm     .     (no gloves)
MR     .....                    (boots unavailable)
Stlth  ++........               (no amulet)
                                (no ring)
                                (no ring)

@: repel missiles
A: antennae 1, beak, talons 3, subdued magic 1
a: no special abilities


You were on level 2 of the Dungeon.
You were not hungry.

You visited 1 branch of the dungeon, and saw 2 of its levels.

You collected 98 gold pieces.

Inventory:

Hand Weapons
 e - a +4 dagger of protection (weapon)
Armour
 a - a +0 robe (worn)
Books
 b - a book of Air

   Spells                             Type                      Level
   a - Shock                          Conjuration/Air              1
   b - Swiftness                      Charms/Air                   2
   c - Repel Missiles                 Charms/Air                   2
   d - Static Discharge               Conjuration/Air              3
   e - Lightning Bolt                 Conjuration/Air              5
Comestibles
 d - a meat ration
 f - a beef jerky
 g - a bread ration


   Skills:
 + Level 3.2 Fighting
 - Level 2.1 Dodging
 - Level 2.0 Stealth
 - Level 2.0 Spellcasting
 - Level 1.3 Conjurations
 - Level 4.0 Air Magic


You had one spell level left.
You knew the following spells:

 Your Spells              Type           Power        Failure   Level  Hunger
a - Shock                 Conj/Air       #...         8%          1    ##.....
b - Repel Missiles        Chrm/Air       #.....       14%         2    ###....
c - Swiftness             Chrm/Air       #.......     14%         2    ###....


Dungeon Overview and Level Annotations

Branches:
Dungeon (2/15)

Altars:
Kikubaaqudgha


Innate Abilities, Weirdness & Mutations

You have a beak for a mouth.
You have claws for feet.
You have a pair of small antennae on your head.
Your spells are a little easier to cast, but a little less powerful.


Message History

Terence is severely wounded.
Terence hits you with a hand axe.
Your magical contamination has completely faded away.
You barely miss Terence. Your kick misses Terence.
Terence is severely wounded.
Terence closely misses you.
You hit Terence.
You kill Terence!
You feel your strength returning.
Your Fighting skill increases to level 3!
c - a purple potion
Things that are here:
a hand axe; a chain mail There isn't anything to butcher here.
You start resting.
Magic restored.
Okay, then.
It was a potion of mutation.
You feel extremely strange. A pair of antennae grows on your head!
Your connection to magic feels subdued.
Are you sure you want to abandon this character and quit the game? (Confirm with "yes".)

.......#
......#
......#
......#
#.....#
#.....#
#.....#
#.##.#
#@##.#
#.##.#
#####'##.#
#####
#........#
###...#
+........#
#...#.###
#........###
#...._...
######.....#
#...#.###
#.#.#.#
#......#
#.#.#.#
#......#


There were no monsters in sight!

Vanquished Creatures
  Terence (D:2)
  A worm (D:2)
  A leopard gecko (D:2)
  6 bats
  A giant cockroach (D:1)
  A hobgoblin (D:1)
  5 kobolds
  A frilled lizard (D:1)
  A goblin (D:1)
  3 rats
21 creatures vanquished.

Notes
Turn   | Place    | Note
-------+----------+-------------------------------------------
     0 | D:1      | vatarom the Tengu Air Elementalist began the quest for the Orb.
     0 | D:1      | Reached XP level 1. HP: 10/10 MP: 4/4
    96 | D:1      | Reached skill level 1 in Fighting
   545 | D:1      | Reached XP level 2. HP: 16/16 MP: 6/6
   552 | D:1      | Learned a level 2 spell: Repel Missiles
  1178 | D:2      | Learned a level 2 spell: Swiftness
  1189 | D:2      | Found an ancient bone altar of Kikubaaqudgha.
  1272 | D:2      | Noticed Terence
  1283 | D:2      | Reached XP level 3. HP: 17/22 MP: 0/7
  1297 | D:2      | Killed Terence
  1364 | D:2      | Gained mutation: You have a pair of small antennae on your head. [potion of mutation]
  1364 | D:2      | Gained mutation: Your spells are a little easier to cast, but a little less powerful. [potion of mutation]
  1365 | D:2      | Quit the game

Skill      XL: |  1  2  3 |
---------------+----------+-----
Fighting       | 1 2 3 |  3.2
Dodging        | |  2.1
Stealth        | |  2.0
Spellcasting   | |  2.0
Conjurations   | |  1.3
Air Magic      | |  4.0

Action                   || total
-------------------------++-------
Melee: Short sword       ||     4
       Dagger            ||    34
       Peck              ||     3
       Kick              ||     4
 Cast: Shock             ||    36
       Repel Missiles    ||     1
  Use: Scroll            ||     3
       Potion            ||     3
 Stab: Sleeping          ||     2
  Eat: Bread ration      ||     1
Armor: Robe              ||     9
Dodge: Dodged            ||    23
       Deflected         ||     1
